 Dungeon Crawl Stone Soup version 0.21-a0-84-g85d6d27 (webtiles) character file.

7655 sscrono2 the Covert (level 11, -1/72 HPs)
             Began as an Octopode Assassin on June 29, 2017.
             Slain by a troll (14 damage)
             ... on level 9 of the Dungeon.
             The game lasted 00:26:46 (11480 turns).

sscrono2 the Covert (Octopode Assassin)            Turns: 11480, Time: 00:26:47

Health: -1/72      AC:  1    Str: 11    XL:     11   Next: 18%
Magic:  18/18      EV: 18    Int: 13    God:
Gold:   583        SH:  4    Dex: 23    Spells: 9/20 levels left

rFire    . . .     SeeInvis +   a - +2 dagger (venom)
rCold    + . .     Gourm    .   (no shield)
rNeg     . . .     Faith    .   (helmet restricted)
rPois    .         Spirit   .   r - amulet of regeneration
rElec    .         Reflect  .   y - ring of protection from cold
rCorr    .         Harm     .   s - +6 ring of dexterity
MR       .....                  (no ring)
Stlth    ++++++....             (no ring)
HPRegen  0.62/turn              (no ring)
MPRegen  0.16/turn              (no ring)
                                (no ring)
                                (no ring)

@: studying Conjurations
A: almost no armour, stealthy swim, amphibious, 8 rings, constrict 8, large bone
plates 1, camouflage 1, see invisible, mutation resistance 1, gelatinous body 1
a: no special abilities


You were on level 9 of the Dungeon.
You were not hungry.

You visited 2 branches of the dungeon, and saw 11 of its levels.
You also visited: Ossuary.

You collected 583 gold pieces.

Inventory:

Hand Weapons
 a - a +2 dagger of venom (weapon)
 b - a +0 blowgun
Missiles
 c - 19 poisoned needles
 d - a curare-tipped needle
 x - a throwing net (quivered)
Jewellery
 n - an uncursed amulet of magic regeneration
 o - an uncursed amulet of guardian spirit
 r - an amulet of regeneration (around mantle)
 s - a +6 ring of dexterity (right tentacle)
 y - a ring of protection from cold (left tentacle)
Wands
 t - a wand of paralysis (0/24)
 H - a wand of random effects (15/48)
Scrolls
 e - 2 scrolls of fear
 i - a scroll of fog
 k - 4 scrolls of enchant armour
 l - 4 scrolls of remove curse
 m - 3 scrolls of teleportation
 p - 3 scrolls of silence
 q - a scroll of brand weapon
 u - 5 scrolls of enchant weapon
 A - a scroll of recharging {unknown}
 I - a scroll of summoning {unknown}
Potions
 h - 4 potions of flight
 j - 4 potions of curing
 z - 2 potions of magic
 B - a potion of brilliance
 C - a potion of heal wounds
 E - a potion of cancellation
 F - a potion of invisibility
Books
 D - a manual of Conjurations
Comestibles
 f - 4 bread rations
 g - 4 meat rations
 v - a royal jelly
 G - 2 fruits


   Skills:
 + Level 5.9 Fighting
 - Level 8.1 Short Blades
 - Level 2.0 Throwing
 + Level 6.1 Dodging
 - Level 12.0 Stealth
 * Level 7.9 Unarmed Combat
 + Level 5.1 Spellcasting


You had 9 spell levels left.
You knew the following spells:

 Your Spells              Type           Power        Failure   Level  Hunger
a - Ice Form              Ice/Tmut       #.......     88%         4    ####...
b - Sticks to Snakes      Tmut           #.......     28%         2    ##.....
c - Blade Hands           Tmut           #.........   99%         5    ######.


Dungeon Overview and Level Annotations

Branches:
Dungeon (10/15)            Temple (1/1) D:7            Lair (0/6) D:9
    Orc (0/2) D:9

Altars:
Ashenzari
Cheibriados
Dithmenos
Elyvilon
Fedhas
Gozag
Hepliaklqana
Kikubaaqudgha
Makhleb
Nemelex Xobeh
Okawaru
Qazlal
Ru
Sif Muna
Trog
Uskayaw
Vehumet
Wu Jian
Xom
Yredelemnul
Zin
The Shining One
Beogh

Shops:
D:9 %


Innate Abilities, Weirdness & Mutations

You cannot wear most types of armour.
You are very stealthy in the water. (Stealth+)
You are amphibious.
You can wear up to eight rings at the same time.
You can use your tentacles to constrict eight enemies at once.
Your skin changes colour to match your surroundings (Stealth+).
Your rubbery body absorbs attacks. (AC +1, EV +1)
You are partially covered in large bone plates. (SH +4)
You have supernaturally acute eyesight. (SInv)
You are somewhat resistant to further mutation.


Message History

HP restored.
Okay, then.
You eat one of the 4 fruits.
Mmm - a full handful of grapes!
You eat one of the 3 fruits.
Mmmm...
Yummy coconut.
You climb downwards.
The troll bites you! The troll barely misses you. The troll claws you.
The troll closely misses you. The troll claws you!
The troll completely misses you.
There is a stone staircase leading up, spattered with blood here.
The gnoll hits you from afar with a halberd.
The troll bites you!! The troll claws you. You block the troll's attack.
You climb upwards.
There is a stone staircase leading down, spattered with blood here.
The troll barely misses you. The troll closely misses you. The troll claws you.
The troll bites you!!
* * * LOW HITPOINT WARNING * * *
You block the troll's attack. x2
The troll bites you!
* * * LOW HITPOINT WARNING * * *
You block the troll's attack. The troll claws you!
You die...

#################################
........................##.......
.##..##......###........##..###..
.##..##......# #........##..# #..
.##..##......# #........##..# #..
.##..##......# #.......(##..# #..
.##..##......###@.......##..# #..
.##..##........T........##..# #..
.##..##...≈...⌠.....(...##..# #..
.##..##..≈≈≈≈≈..#......(##..# #..
.##..##..≈≈≈≈..##.......##..# #..
.##.(##..≈≈≈≈≈.##.......##..# #..
[##..##....≈≈...#.......##..# #..
.##..##.....≈...#.......##..# #..
.##..##.⌠....≈_.#......[##..# #..


You could see a troll.

Vanquished Creatures
  A two-headed ogre (D:8)
  2 hippogriffs
  Grinder (D:4)
  A wyvern (D:8)
  9 yaks
  A hungry ghost (D:7)
  Menkaure (D:4)
  2 wargs (D:8)
  Duvessa (D:5)
  10 orc warriors
  2 ice beasts
  3 sky beasts
  2 ogres (D:6)
  A phantom (D:7)
  2 necrophages
  2 centaurs
  A big kobold (D:8)
  A bullfrog (D:9)
  A water moccasin zombie (Ossuary)
  4 scorpions
  7 wights
  Dowan (D:5)
  A howler monkey (D:8)
  6 crimson imps
  A quasit (D:7)
  3 hounds
  2 jellies
  7 orc priests
  A centaur skeleton (D:5)
  A centaur zombie (D:7)
  2 gnoll shamans (D:9)
  2 iguanas
  2 bullfrog skeletons
  4 orc wizards
  7 worker ants
  4 big kobold zombies (Ossuary)
  3 mummies
  A worker ant zombie (D:7)
  3 howler monkey zombies
  20 adders
  3 gnolls (D:9)
  5 shadow imps
  An ooze (D:7)
  3 adder zombies
  An adder skeleton (D:8)
  A worm (D:5)
  3 dart slugs
  6 leopard geckos
  38 orcs
  A ball python (D:1)
  11 bats
  2 giant cockroaches
  4 gnoll zombies (Ossuary)
  6 goblins
  7 hobgoblins
  20 jackals
  3 quokkas
  2 frilled lizards (D:1)
  3 hobgoblin zombies (Ossuary)
  A jackal skeleton (D:4)
  9 kobolds
  3 kobold zombies (Ossuary)
  3 leopard gecko skeletons
  10 orc zombies (Ossuary)
  5 rats
277 creatures vanquished.

Notes
Turn   | Place    | Note
-------+----------+-------------------------------------------
     0 | D:1      | sscrono2 the Octopode Assassin began the quest for the Orb.
     0 | D:1      | Reached XP level 1. HP: 14/14 MP: 1/1
   177 | D:1      | Reached XP level 2. HP: 13/19 MP: 2/2
   503 | D:1      | Reached XP level 3. HP: 22/24 MP: 3/3
   701 | D:2      | Reached skill level 6 in Stealth
   701 | D:2      | Reached XP level 4. HP: 29/29 MP: 4/4
  1383 | D:2      | Reached XP level 5. HP: 34/34 MP: 5/5
  2426 | D:3      | Reached skill level 5 in Short Blades
  2697 | D:4      | Reached skill level 7 in Stealth
  2697 | D:4      | Reached XP level 6. HP: 30/39 MP: 6/6
  2831 | D:4      | Noticed Menkaure
  2843 | D:4      | Gained mutation: You possess an exceptional clarity of mind. [potion of mutation]
  2843 | D:4      | Gained mutation: Your body sometimes deteriorates upon taking damage. [potion of mutation]
  2843 | D:4      | Gained mutation: You are somewhat resistant to further mutation. [potion of mutation]
  2865 | D:4      | Killed Menkaure
  3331 | D:4      | Reached XP level 7. HP: 45/45 MP: 7/7
  3440 | D:4      | Reached skill level 8 in Stealth
  3600 | D:4      | Noticed Grinder
  3607 | D:4      | Killed Grinder
  3966 | D:5      | Entered Level 5 of the Dungeon
  4037 | D:5      | Noticed Dowan
  4040 | D:5      | Noticed Duvessa
  4044 | D:5      | Killed Dowan
  4050 | D:5      | Killed Duvessa
  4050 | D:5      | Reached skill level 9 in Stealth
  4050 | D:5      | Reached XP level 8. HP: 47/50 MP: 8/8
  4610 | D:6      | Reached skill level 10 in Stealth
  5083 | D:6      | Reached skill level 11 in Stealth
  5356 | D:7      | Reached skill level 12 in Stealth
  5356 | D:7      | Reached XP level 9. HP: 54/54 MP: 9/9
  5416 | D:7      | Reached skill level 1 in Spellcasting
  5433 | D:7      | Learned a level 4 spell: Ice Form
  5436 | D:7      | Learned a level 2 spell: Sticks to Snakes
  5529 | D:7      | Found a sand-covered staircase.
  5536 | Ossuary  | Entered an ossuary
  5776 | Ossuary  | Reached skill level 1 in Unarmed Combat
  6364 | D:7      | Found a staircase to the Ecumenical Temple.
  6389 | D:7      | Got a fine trident
  6392 | D:7      | Identified the +7 trident of Nebipir {vamp, rF+ MR- Str+5} (You found it on level 7 of the Dungeon)
  6425 | D:7      | Lost mutation: You possess an exceptional clarity of mind. [potion of mutation]
  6425 | D:7      | Lost mutation: Your body sometimes deteriorates upon taking damage. [potion of mutation]
  6425 | D:7      | Lost mutation: You are somewhat resistant to further mutation. [potion of mutation]
  6425 | D:7      | Gained mutation: You are partially covered in large bone plates. (SH +4) [potion of mutation]
  6425 | D:7      | Gained mutation: You have supernaturally acute eyesight. (SInv) [potion of mutation]
  6425 | D:7      | Gained mutation: You are somewhat resistant to further mutation. [potion of mutation]
  6439 | Temple   | Entered the Ecumenical Temple
  7399 | D:8      | Learned a level 5 spell: Blade Hands
  7864 | D:8      | Found a shimmering altar of Xom.
  7876 | D:8      | Reached XP level 10. HP: 59/63 MP: 14/14
  7954 | D:9      | Found a staircase to the Lair.
  7991 | D:8      | Reached skill level 5 in Unarmed Combat
  9115 | D:8      | Noticed a two-headed ogre
  9154 | D:8      | Killed a two-headed ogre
  9154 | D:8      | Reached skill level 5 in Fighting
  9154 | D:8      | Reached skill level 5 in Dodging
  9770 | D:9      | Found a roughly hewn altar of Beogh.
  9770 | D:9      | Found a staircase to the Orcish Mines.
 10210 | D:9      | Found Sugur's Food Shoppe.
 10635 | D:9      | Reached XP level 11. HP: 61/72 MP: 18/18
 10652 | D:9      | Found an ancient bone altar of Kikubaaqudgha.
 10997 | D:9      | Reached skill level 5 in Spellcasting
 11272 | D:10     | Entered Level 10 of the Dungeon
 11480 | D:9      | Slain by a troll

Vault maps used:
D:1:      dpeg_arrival_pits, minivault_4
D:2:      first_bread
D:3:      serial_glass, glass_columns_c, glass_columns_b, glass_columns_b,
          glass_columns_a, glass_columns_a, glass_columns_a, glass_columns_a,
          glass_columns_a
D:4:      serial_co_window_serial, co_window_of_opportunity_a,
          co_window_paths_b, co_window_cross_1, co_window_paths_b,
          co_window_of_opportunity_a, co_window_paths_b,
          co_window_of_opportunity_a, co_window_corner_b, co_window_2corner,
          co_window_cross_2, co_window_broadway_b, co_window_paths_e,
          glass_columns_b, uniq_grinder, uniq_menkaure
D:5:      uniq_duvessa
D:7:      minmay_temple_entry_water_ring, gup_ossuary_entry_pyramid
D:8:      tgw_xom
D:9:      kiku_gazebo_pond_becter, erik_lair_orcish_takeover, david_orc_5,
          serial_shops, nicolae_shop_crystal
Temple:   regret_index_temple_chain_breaker
Ossuary:  ossuary_tomb_2

Skill      XL: |  1  2  3  4  5  6  7  8  9 10 11 |
---------------+----------------------------------+-----
Short Blades   | 3 4 5 6 7 8 |  8.1
Stealth        | 6 7 9 12 | 12.0
Spellcasting   | 3 4 5 |  5.1
Unarmed Combat | 4 7 |  7.9
Dodging        | 3 5 6 |  6.1
Fighting       | 4 5 |  5.9
Throwing       | |  2.0

Action                   |  1- 3 |  4- 6 |  7- 9 | 10-12 || total
-------------------------+-------+-------+-------+-------++-------
Melee: Dagger            |    60 |   134 |   308 |   356 ||   858
       Constrict         |    16 |    30 |    63 |    47 ||   156
       Tentacles         |    11 |    21 |    96 |   120 ||   248
       Punch             |       |       |     5 |    29 ||    34
 Fire: Blowgun           |       |       |    18 |    18 ||    36
Evoke: Wand              |       |       |     7 |    22 ||    29
  Use: Scroll            |       |     5 |     7 |     6 ||    18
       Potion            |       |     4 |     2 |     1 ||     7
 Stab: Sleeping          |     8 |    15 |    33 |     6 ||    62
       Distracted        |       |     1 |     3 |       ||     4
       Paralysed         |       |       |       |     1 ||     1
  Eat: Chunk             |       |     7 |    10 |     5 ||    22
       Meat ration       |       |       |     1 |       ||     1
       Bread ration      |       |       |     1 |       ||     1
       Fruit             |       |       |       |     6 ||     6
       Royal jelly       |       |       |       |     1 ||     1
Armor: Skin              |     7 |     8 |    10 |     3 ||    28
Dodge: Dodged            |    40 |    57 |   105 |   119 ||   321
Block: Other             |       |       |    17 |    36 ||    53
